 Dungeon Crawl Stone Soup version 0.23-a0-448-g1c01f63 (webtiles) character file.

84 Cryolive the Digger (level 4, 0/26 HPs)
             Began as a Gargoyle Earth Elementalist on Nov 20, 2018.
             Killed from afar by Natasha (7 damage)
             ... with a magic dart
             ... on level 2 of the Dungeon.
             The game lasted 00:04:48 (1715 turns).

Cryolive the Digger (Gargoyle Earth Elementalist)   Turns: 1715, Time: 00:04:50

Health: 0/26       AC:  5    Str: 12    XL:     4   Next: 46%
Magic:  4/7        EV: 12    Int: 16    God:
Gold:   87         SH:  0    Dex: 10    Spells: 4/8 levels left

rFire    . . .     SeeInvis .   a - +0 whip
rCold    . . .     Gourm    .   (no shield)
rNeg     + . .     Faith    .   c - +0 robe
rPois    ∞         Spirit   .   (no helmet)
rElec    +         Reflect  .   (no cloak)
rCorr    .         Harm     .   (no gloves)
MR       .....                  (no boots)
Stlth    ++........             (no amulet)
HPRegen  0.08/turn              (no ring)
MPRegen  0.10/turn              (no ring)

@: slowed, very slow
A: negative energy resistance 1, electricity resistance, unbreathing,
petrification resistance, rot immunity, AC +3
a: no special abilities


You were on level 2 of the Dungeon.
You were very hungry.

You visited 1 branch of the dungeon, and saw 2 of its levels.

You collected 87 gold pieces.

Inventory:

Hand Weapons
 a - a +0 whip (weapon)
Missiles
 b - 85 stones (quivered)
Armour
 c - a +0 robe (worn)
Scrolls
 g - 2 scrolls of fog {unknown}
 h - 4 scrolls of enchant weapon {unknown}
 i - a scroll of remove curse {unknown}
 j - a scroll of noise {unknown}
 k - a scroll of identify {unknown}
 l - a scroll of magic mapping {unknown}
 m - a scroll of random uselessness {unknown}
Potions
 e - 3 potions of curing {unknown}
 f - a potion of heal wounds {unknown}
 n - a potion of flight {unknown}
Comestibles
 d - 4 rations


   Skills:
 + Level 1.7 Fighting
 + Level 1.6 Armour
 + Level 2.1 Dodging
 - Level 2.1 Stealth
 + Level 2.5 Spellcasting
   Level 0.7 Transmutations
 + Level 4.2 Earth Magic


You had 4 spell levels left.
You knew the following spells:

 Your Spells              Type           Power        Failure   Level  Hunger
a - Sandblast             Erth           ###...       3%          1    #......
b - Stone Arrow           Conj/Erth      #.....       24%         3    ###....

Your spell library contained the following spells:

 Spells                   Type           Power        Failure   Level  Hunger
 Passwall                 Tmut/Erth      ##......     11%         2    ##.....
 Petrify                  Tmut/Erth      ##......     56%         4    #####..
 Lee's Rapid Deconstruct  Erth           ###.......   67%         5    ######.


Dungeon Overview and Level Annotations

Branches:
Dungeon (2/15)

Altars:
Dithmenos

Annotations:
D:2 Natasha


Innate Abilities, Weirdness & Mutations

You are resistant to torment.
Your stone body is resilient. (AC +3)
You are immune to poison.
You resist negative energy. (rN+)
You are resistant to electric shocks. (rElec)
You can survive without breathing.
You are immune to petrification.
You are immune to rotting.


Message History

The magic dart hits you!
* * * LOW HITPOINT WARNING * * *
Casting: Sandblast (safe; 3% risk of failure)
Confirm with . or Enter, or press ? or * to list all spells.
Aiming: Sandblast (safe; 3% risk of failure)
Press: ? - help, Shift-Dir - straight line
b - 86 stones You hear some strange, mumbled words.
You feel as though you will be slow longer.
Casting: Sandblast (safe; 3% risk of failure)
Confirm with . or Enter, or press ? or * to list all spells.
Aiming: Sandblast (safe; 3% risk of failure)
Press: ? - help, Shift-Dir - straight line The blast of sand hits something.
b - 85 stones You are feeling very hungry.
You hear some strange, mumbled words.
A magic dart appears from out of thin air!
The magic dart hits you!
You die...

#.#.######..###.# #.
#######.#.#.......#...##########.
.......>.........................
.######...#..####..........####..
#.......#..######.######.#.....
#.##....#.............)#.#.#...
#.##....#.......#....#.#.#.#...
#.###.###.#.###.#....#.#.#.#.#.
#............<@............#.#.
#####........................÷.
#####.....#.#......#...).#.
###.#.#.###########.##. #.#.#..
..........### #.########.######.#
# #.. ..#..# #.# # ###
#.#..###.### #.#..##.....


There were no monsters in sight!

Vanquished Creatures
  Natasha (D:2)
  3 oozes
  A dart slug (D:2)
  2 leopard geckos
  A giant cockroach (D:1)
  5 goblins (D:1)
  3 hobgoblins
  4 jackals
  A quokka (D:2)
  A ball python (D:1)
  5 bats
  3 frilled lizards
  7 kobolds
  4 rats (D:1)
41 creatures vanquished.

Notes
Turn   | Place    | Note
-------+----------+-------------------------------------------
     0 | D:1      | Cryolive the Gargoyle Earth Elementalist began the quest
                  | for the Orb.
     0 | D:1      | Reached XP level 1. HP: 10/10 MP: 3/3
   290 | D:1      | Reached XP level 2. HP: 16/16 MP: 5/5
   542 | D:1      | Reached skill level 1 in Fighting
   550 | D:1      | Reached skill level 1 in Armour
   550 | D:1      | Reached XP level 3. HP: 13/20 MP: 6/6
   555 | D:1      | Learned a level 3 spell: Stone Arrow
   786 | D:1      | Reached skill level 4 in Earth Magic
   962 | D:2      | Noticed Natasha
   965 | D:2      | Killed Natasha
   965 | D:2      | Reached XP level 4. HP: 25/25 MP: 3/7
  1291 | D:2      | Found a shadowy altar of Dithmenos.
  1710 | D:2      | Noticed Natasha
  1715 | D:2      | Killed from afar by Natasha

Vault maps used:
D:1:      ebering_hopf_link
D:2:      lemuel_crystal_altar, uniq_natasha

Skill      XL: |  1  2  3 |
---------------+----------+-----
Fighting       | 1 |  1.7
Armour         | 1 |  1.6
Earth Magic    | 4 |  4.2
Dodging        | 2 |  2.1
Stealth        | |  2.1
Spellcasting   | |  2.5
Transmutations | |  0.7

Action                   |  1- 3 |  4- 6 || total
-------------------------+-------+-------++-------
Melee: Whip              |    95 |    83 ||   178
       Unarmed           |     5 |       ||     5
 Cast: Sandblast         |     5 |     6 ||    11
 Stab: Sleeping          |     4 |     2 ||     6
  Eat: Chunk             |       |     2 ||     2
Armor: Robe              |    39 |    23 ||    62
Dodge: Dodged            |    56 |    54 ||   110

Table legend:
 A = Non-vault XP
 B = Vault XP
 C = Vault XP percentage of total XP
 D = Non-vault monster count
 E = Vault monster count
 F = Vault count percentage of total count
                 A         B        C        D         E       F
            +---------+---------+-------+---------+---------+-------
      Total |      84 |      37 |  30.6 |      40 |       1 |   2.4
            +---------+---------+-------+---------+---------+-------
        D:1 |      45 |       0 |   0.0 |      24 |       0 |   0.0
        D:2 |      39 |      37 |  48.7 |      16 |       1 |   5.9
            +---------+---------+-------+---------+---------+-------
